 Dungeon Crawl Stone Soup version 0.30-a0-630-g881e3bac89 (webtiles) character file.

Game seed: 16105250511032372110

81 Dartaoz the Ruffian (level 4, 0/44 HPs)
             Began as a Troll Fighter on Jan 13, 2023.
             Slain by a gnoll
             ... wielding a +0 club
             ... led by a gnoll sergeant
              (7 damage)
             ... on level 3 of the Dungeon.
             The game lasted 00:05:05 (1652 turns).

Dartaoz the Ruffian (Troll Fighter)                 Turns: 1652, Time: 00:05:06

Health: 0/44       AC:  4    Str: 26    XL:     4   Next: 19%
Magic:  3/3        EV:  8    Int:  4    God:
Gold:   89         SH:  7    Dex:  9    Spells: 3/3 levels left

rFire   . . .      SeeInvis .      - Unarmed
rCold   . . .      Faith    .    b - +0 kite shield
rNeg    . . .      Spirit   .    a - +0 robe
rPois   .          Reflect  .    (helmet restricted)
rElec   .          Harm     .    (no cloak)
rCorr   .          Rampage  .    (gloves unavailable)
Will    .....                    (boots unavailable)
Stlth   +                        (no amulet)
HPRegen 1.07/turn                (no ring)
MPRegen 0.08/turn                (no ring)

@: no status effects
A: large, unfitting armour, claws 3, regeneration 1, shaggy fur 1, tough skin 1
a: no special abilities


You were on level 3 of the Dungeon.
You visited 1 branch of the dungeon, and saw 3 of its levels.

You collected 89 gold pieces.

Inventory:

Missiles
 h - 2 curare-tipped darts (quivered)
Armour
 a - a +0 robe (worn)
 b - a +0 kite shield (worn)
Jewellery
 i - an amulet of guardian spirit
Scrolls
 d - a scroll of enchant armour {unknown}
 e - 5 scrolls of identify {unknown}
 f - 2 scrolls of fear {unknown}
 g - 2 scrolls of teleportation {unknown}
 j - 2 scrolls of magic mapping {unknown}
 n - a scroll of butterflies {unknown}
 o - a scroll of blinking {unknown}
 p - a scroll of poison {unknown}
 r - a scroll of torment {unknown}
Potions
 c - 2 potions of might
 k - a potion of flight {unknown}
 l - a potion of mutation {unknown}
 m - a potion of resistance {unknown}
 q - 3 potions of attraction {unknown}


   Skills:
 + Level 2.5 Fighting
 + Level 0.4 Throwing
 - Level 2.4 Dodging
 - Level 2.6 Shields
 + Level 4.2 Unarmed Combat


You had 3 spell levels left.
You didn't know any spells.
Your spell library was empty.

Dungeon Overview and Level Annotations

Branches:
Dungeon (3/15)

Altars:
Fedhas
Xom


Innate Abilities, Weirdness & Mutations

You are too large for most types of armour.
You have claws for hands.
Your natural rate of healing is unusually fast.
You are covered in fur. (AC +1)
You have tough skin. (AC +1)


Message History

You barely miss the gnoll.
The gnoll is moderately wounded.
The gnoll shouts!
The gnoll hits you with a +0 flail.
You barely miss the gnoll.
The gnoll is moderately wounded.
The gnoll closely misses you. The gnoll attacks as you move away!
The gnoll hits you with a +0 flail. The gnoll attacks as you move away!
The gnoll barely misses you.
There is a fountain of clear blue water here.
The gnoll attacks as you move away! The gnoll hits you with a +0 club.
The gnoll attacks as you move away! The gnoll barely misses you.
The gnoll hits you from afar with a +1 spear of venom.
You are poisoned.
The gnoll attacks as you move away! The gnoll hits you with a +0 club.
You feel sick.
The gnoll hits you from afar with a +1 spear of venom.
You are more poisoned.
The gnoll attacks as you move away! The gnoll barely misses you.
You feel very sick.
You feel very sick. The gnoll closely misses you.
You feel very sick. The gnoll attacks as you move away!
You block the gnoll's attack.
You feel sick.
You feel sick.
You feel sick. The gnoll attacks as you move away!
You block the gnoll's attack.
You feel sick.
You feel sick.
You feel sick.
You feel sick. The gnoll attacks as you move away!
You block the gnoll's attack.
You feel sick.
You are no longer poisoned.
The gnoll attacks as you move away! The gnoll hits you with a +0 club.
* * * LOW HITPOINT WARNING * * *
The gnoll attacks as you move away! You block the gnoll's attack.
The gnoll attacks as you move away! The gnoll hits you with a +0 club!
You die...

.......# #.........#..##.#
.#...#### #.........##..#.#
........# #.........###...#
......#.###.........# ##..#
....#.#...########### #..#
........#.#### #..#
...##...#....###########..#
...).....g.g..gg.......#..#
...###.g########@#######..#
..####...#######.# #..#
#...##...........# #..#
.........######### #..#
...)..#..# #..#
......##.###### #..#
..............# #..#
.....#........# ####..####
....##........# #........#


You could see a gnoll sergeant and 3 gnolls.

Vanquished Creatures
  A gnoll (D:3)
  An adder (D:2)
  3 dart slugs
  An orc (D:3)
  2 ball pythons
  3 bats
  5 endoplasms
  5 giant cockroaches
  5 goblins
  3 hobgoblins
  4 jackals (D:3)
  5 kobolds
  A quokka (D:1)
  2 frilled lizards
  9 rats
50 creatures vanquished.

Notes
Turn   | Place    | Note
-------+----------+-------------------------------------------
     0 | D:1      | Dartaoz the Troll Fighter began the quest for the Orb.
     0 | D:1      | Reached XP level 1. HP: 22/22 MP: 0/0
    89 | D:1      | Reached XP level 2. HP: 29/29 MP: 1/1
   154 | D:1      | Reached skill level 3 in Unarmed Combat
   403 | D:1      | Found a faded altar of an unknown god.
   664 | D:2      | Reached XP level 3. HP: 36/36 MP: 2/2
  1043 | D:2      | Found a blossoming altar of Fedhas.
  1101 | D:2      | Reached skill level 4 in Unarmed Combat
  1387 | D:3      | Noticed a gnoll sergeant
  1432 | D:3      | Reached XP level 4. HP: 44/44 MP: 3/3
  1598 | D:3      | Found a faded altar of an unknown god.
  1603 | D:3      | Found a shimmering altar of Xom.
  1652 | D:3      | Slain by a gnoll

Illustrated notes

Levels and vault maps discovered:
D:1:      wheals_arrival_linesprint, layout_rooms,
          hellmonk_ecumenical_altar_inner_sanctum
D:2:      layout_basic, basic_altar, hangedman_feature_mirror
D:3:      layout_rooms, nicolae_overflow_ecumenical_swirl, uniq_sigmund

Skill      XL: |  1  2  3 |
---------------+----------+-----
Unarmed Combat | 3 4 |  4.2
Fighting       | |  2.5
Throwing       | |  0.4
Dodging        | |  2.4
Shields        | |  2.6

Action                   |  1- 3 |  4- 6 || total
-------------------------+-------+-------++-------
Melee: Unarmed           |   129 |     8 ||   137
Armor: Robe              |    28 |       ||    28
Dodge: Dodged            |    49 |     6 ||    55
Block: Kite shield       |    47 |     4 ||    51

Table legend: (Time is in decaauts)
 A = Elapsed time spent in this place.
 B = Non-inter-level travel time spent in this place.
 C = Inter-level travel time spent in this place.
 D = Time resting spent in this place.
 E = Time spent auto-exploring this place.
 F = Levels seen in this place.
 G = Mean time per level.
                   A        B        C        D        E       F      G
               +--------+--------+--------+--------+--------+-----+--------+
         Total |   1661 |   1554 |    107 |      0 |   1191 |   3 |  553.7 |
       Dungeon |   1661 |   1554 |    107 |      0 |   1191 |   3 |  553.7 |
               +--------+--------+--------+--------+--------+-----+--------+

Top non-repeatable levels by time:
     D:2: 717 daAuts
     D:1: 614 daAuts
     D:3: 329 daAuts
